[ PARTIDA AOE2 · #477113936 ]
UnrankedMalíes vs Chinese
Equipo del jugador · DERR
[ ANÁLISIS DE REPETICIÓN · EXTRAÍDO DE LA PARTIDA GRABADA ]
Feudal
9:28
Castillos
22:10
Imperial
—
| APM promedio | 49.7 |
| APM pico | 94 |
| eAPM promedio | 19.2 |
| Aldeanos / militares | 73 / 76 |
Foco
⚔️ 30.0% · 🌾 70.0%
Archer ×63 · Skirmisher ×10 · Militia ×3
Feudal
8:54
Castillos
20:41
Imperial
—
| APM promedio | 44.7 |
| APM pico | 71 |
| eAPM promedio | 20.6 |
| Aldeanos / militares | 75 / 62 |
Foco
⚔️ 37.0% · 🌾 63.0%
Archer ×52 · Chu Ko Nu ×7 · Iron Pagoda ×3
Feudal
10:57
Castillos
14:28
Imperial
—
| APM promedio | 41.3 |
| APM pico | 65 |
| eAPM promedio | 25.7 |
| Aldeanos / militares | 113 / 74 |
Foco
⚔️ 39.7% · 🌾 60.3%
Fire Lancer ×67 · Battering Ram ×7
Feudal
10:50
Castillos
14:58
Imperial
—
| APM promedio | 24.2 |
| APM pico | 59 |
| eAPM promedio | 16.0 |
| Aldeanos / militares | 87 / 18 |
Foco
⚔️ 23.4% · 🌾 76.6%
Knight ×11 · Battle Elephant ×4 · Mangonel ×2 · Spearman ×1
Feudal
10:56
Castillos
14:34
Imperial
—
| APM promedio | 67.4 |
| APM pico | 104 |
| eAPM promedio | 24.8 |
| Aldeanos / militares | 116 / 57 |
Foco
⚔️ 43.9% · 🌾 56.1%
Cavalry Archer ×30 · Knight ×26 · Archer ×1
Feudal
10:31
Castillos
14:10
Imperial
—
| APM promedio | 78.2 |
| APM pico | 178 |
| eAPM promedio | 48.6 |
| Aldeanos / militares | 152 / 79 |
Foco
⚔️ 66.6% · 🌾 33.4%
Longbowman ×79
Feudal
9:47
Castillos
21:46
Imperial
—
| APM promedio | 36.1 |
| APM pico | 76 |
| eAPM promedio | 18.5 |
| Aldeanos / militares | 95 / 53 |
Foco
⚔️ 36.2% · 🌾 63.8%
Knight ×45 · Scout Cavalry ×6 · Monk ×1 · Archer ×1
Feudal
11:17
Castillos
14:33
Imperial
—
| APM promedio | 36.3 |
| APM pico | 113 |
| eAPM promedio | 15.8 |
| Aldeanos / militares | 92 / 90 |
Foco
⚔️ 33.6% · 🌾 66.4%
Knight ×90
Mapa de la partida
Recursos iniciales + cada clic de construcción. Líneas = muros · curvas = relieve. ◆ oro · ⬟ piedra · ● bayas · ✦ reliquia · ◌ hueco del cierre
Tu base· ✓ Cerrada en 22:10 · 6t muro · 4 puerta(s)
Base de domajjz· ✓ Cerrada en 20:41 · 1t muro · 1 puerta(s)
Base de HSL | ilBuonFabio· ✓ Cerrada en 14:28 · 0t muro · 4 puerta(s)
Base de jimmil· ✓ Cerrada en 14:58 · 0t muro · 3 puerta(s)
Base de [Marty]MeguminEY· ✓ Cerrada en 14:34 · 0t muro · 3 puerta(s)
Base de RoR | Hellequinn· ✓ Cerrada en 14:10 · 0t muro · 2 puerta(s)
Base de Dis· ✓ Cerrada en 21:46 · 0t muro · 4 puerta(s)
Base de HSL | bonch· ✓ Cerrada en 14:33 · 0t muro · 2 puerta(s)
Terreno inicial suavizado · ◌ = hueco del cierre detectado · pasá el cursor para detalles
Inputs por minuto
— HSL | P3rk_Ita - - domajjz
Build order — HSL | P3rk_Ita
Primeras 150 de 255 acciones detectadas
| 0:01 | Crear | Villager (Male) |
| 0:02 | Construir | House |
| 0:04 | Construir | House |
| 0:04 | Crear | Villager (Male) |
| 0:05 | Crear | Villager (Male) |
| 0:12 | Crear | Villager (Male) |
| 0:12 | Crear | Villager (Male) |
| 1:49 | Crear | Villager (Male) |
| 1:49 | Crear | Villager (Male) |
| 2:13 | Crear | Villager (Male) |
| 2:14 | Crear | Villager (Male) |
| 2:40 | Crear | Villager (Male) |
| 2:40 | Crear | Villager (Male) |
| 2:43 | Construir | Lumber Camp |
| 3:18 | Crear | Villager (Male) |
| 3:36 | Crear | Villager (Male) |
| 3:44 | Construir | House |
| 3:57 | Crear | Villager (Male) |
| 4:41 | Crear | Villager (Male) |
| 4:41 | Crear | Villager (Male) |
| 5:06 | Construir | Barracks |
| 5:23 | Construir | House |
| 5:30 | Crear | Villager (Male) |
| 5:30 | Crear | Villager (Male) |
| 6:15 | Construir | Mill |
| 6:23 | Crear | Villager (Male) |
| 6:53 | Investigar | Loom |
| 7:14 | Investigar | Feudal Age |
| 7:15 | Investigar | Feudal Age |
| 7:35 | Construir | Mining Camp |
| 7:51 | Crear | Militia |
| 8:02 | Crear | Militia |
| 8:56 | Construir | House |
| 9:11 | Crear | Militia |
| 9:11 | Crear | Villager (Male) |
| 9:16 | Crear | Villager (Male) |
| 9:28 | Edad | Edad Feudal |
| 9:53 | Crear | Villager (Male) |
| 10:05 | Crear | Villager (Male) |
| 10:10 | Investigar | Man-at-Arms (upgrade) |
| 10:19 | Construir | Archery Range |
| 10:24 | Crear | Villager (Male) |
| 10:34 | Investigar | Double-Bit Axe |
| 10:48 | Crear | Villager (Male) |
| 10:48 | Crear | Villager (Male) |
| 10:54 | Construir | Farm |
| 10:56 | Construir | Farm |
| 11:15 | Crear | Villager (Male) |
| 11:29 | Construir | Blacksmith |
| 11:44 | Crear | Villager (Male) |
| 11:52 | Crear | Archer |
| 11:59 | Crear | Skirmisher |
| 12:00 | Crear | Villager (Male) |
| 12:05 | Construir | House |
| 12:11 | Crear | Villager (Male) |
| 12:12 | Construir | House |
| 12:15 | Crear | Skirmisher |
| 12:32 | Construir | Gate |
| 12:40 | Crear | Skirmisher |
| 12:41 | Crear | Villager (Male) |
| 12:48 | Investigar | Fletching |
| 13:04 | Construir | Watch Tower |
| 13:15 | Crear | Villager (Male) |
| 13:17 | Crear | Villager (Male) |
| 13:20 | Construir | Archery Range |
| 13:26 | Construir | Farm |
| 13:29 | Construir | Farm |
| 13:37 | Crear | Skirmisher |
| 13:38 | Crear | Villager (Male) |
| 14:02 | Crear | Villager (Male) |
| 14:06 | Crear | Skirmisher |
| 14:07 | Crear | Skirmisher |
| 14:10 | Construir | Farm |
| 14:25 | Crear | Skirmisher |
| 14:27 | Crear | Villager (Male) |
| 14:48 | Construir | House |
| 14:51 | Construir | House |
| 15:08 | Crear | Villager (Male) |
| 15:12 | Crear | Skirmisher |
| 15:12 | Crear | Villager (Male) |
| 15:15 | Construir | Farm |
| 15:15 | Construir | Farm |
| 15:15 | Construir | Farm |
| 15:15 | Construir | Farm |
| 15:16 | Construir | Farm |
| 15:16 | Construir | Farm |
| 15:16 | Construir | Farm |
| 15:19 | Construir | House |
| 15:30 | Construir | Farm |
| 15:36 | Crear | Villager (Male) |
| 15:50 | Crear | Villager (Male) |
| 15:53 | Construir | Farm |
| 15:56 | Construir | Farm |
| 16:08 | Construir | Farm |
| 16:24 | Crear | Villager (Male) |
| 16:30 | Construir | Farm |
| 16:33 | Construir | Farm |
| 16:54 | Crear | Villager (Male) |
| 17:25 | Crear | Villager (Male) |
| 17:29 | Crear | Skirmisher |
| 17:29 | Crear | Skirmisher |
| 17:32 | Construir | Farm |
| 17:33 | Construir | Farm |
| 17:59 | Construir | Market |
| 18:13 | Crear | Villager (Male) |
| 18:18 | Construir | Farm |
| 18:19 | Construir | Farm |
| 18:20 | Construir | Farm |
| 18:22 | Construir | Mill |
| 18:52 | Construir | House |
| 18:56 | Construir | House |
| 19:03 | Construir | House |
| 19:06 | Construir | House |
| 19:30 | Investigar | Castle Age |
| 19:41 | Construir | House |
| 19:56 | Construir | Mining Camp |
| 20:12 | Construir | Archery Range |
| 20:16 | Crear | Archer |
| 20:17 | Investigar | Padded Archer Armor |
| 20:27 | Construir | Farm |
| 20:37 | Construir | Stone Wall |
| 20:41 | Crear | Villager (Male) |
| 20:47 | Crear | Archer |
| 21:12 | Crear | Archer |
| 21:16 | Construir | Farm |
| 21:25 | Crear | Archer |
| 21:39 | Crear | Archer |
| 22:10 | Edad | Edad de los Castillos |
| 22:12 | Investigar | Bodkin Arrow |
| 22:17 | Investigar | Crossbowman (upgrade) |
| 22:17 | Investigar | Crossbowman (upgrade) |
| 22:24 | Crear | Villager (Male) |
| 22:33 | Construir | Stone Wall |
| 22:36 | Crear | Villager (Male) |
| 22:40 | Crear | Archer |
| 22:40 | Crear | Archer |
| 22:46 | Crear | Villager (Male) |
| 22:53 | Crear | Archer |
| 22:53 | Crear | Archer |
| 22:54 | Crear | Villager (Male) |
| 22:54 | Crear | Villager (Male) |
| 22:55 | Crear | Villager (Male) |
| 23:21 | Construir | Town Center |
| 23:24 | Crear | Villager (Male) |
| 23:35 | Investigar | Bow Saw |
| 23:35 | Investigar | Bow Saw |
| 23:38 | Crear | Archer |
| 23:39 | Crear | Archer |
| 24:00 | Crear | Archer |
| 24:05 | Crear | Archer |
Build order — domajjz
Primeras 150 de 218 acciones detectadas
| 0:02 | Construir | House |
| 0:04 | Construir | House |
| 0:13 | Investigar | Loom |
| 1:00 | Crear | Villager (Male) |
| 1:01 | Crear | Villager (Male) |
| 1:29 | Crear | Villager (Male) |
| 1:30 | Crear | Villager (Male) |
| 1:33 | Construir | Lumber Camp |
| 1:58 | Crear | Villager (Male) |
| 1:58 | Crear | Villager (Male) |
| 1:58 | Crear | Villager (Male) |
| 2:19 | Crear | Villager (Male) |
| 2:19 | Crear | Villager (Male) |
| 2:48 | Crear | Villager (Male) |
| 2:48 | Crear | Villager (Male) |
| 3:14 | Crear | Villager (Male) |
| 3:31 | Crear | Villager (Male) |
| 3:32 | Crear | Villager (Male) |
| 4:04 | Crear | Villager (Male) |
| 4:04 | Crear | Villager (Male) |
| 4:24 | Crear | Villager (Male) |
| 5:02 | Crear | Villager (Male) |
| 5:03 | Construir | Mining Camp |
| 5:21 | Crear | Villager (Male) |
| 6:12 | Crear | Villager (Male) |
| 6:44 | Investigar | Feudal Age |
| 6:44 | Investigar | Feudal Age |
| 6:44 | Investigar | Feudal Age |
| 7:38 | Construir | House |
| 8:41 | Construir | Barracks |
| 8:54 | Edad | Edad Feudal |
| 9:06 | Crear | Villager (Male) |
| 9:07 | Crear | Villager (Male) |
| 9:09 | Investigar | Double-Bit Axe |
| 9:29 | Construir | Blacksmith |
| 9:33 | Construir | Mill |
| 9:37 | Construir | Archery Range |
| 9:46 | Crear | Villager (Male) |
| 10:08 | Construir | Archery Range |
| 10:23 | Investigar | Fletching |
| 10:23 | Investigar | Fletching |
| 10:33 | Crear | Archer |
| 10:36 | Crear | Villager (Male) |
| 10:37 | Crear | Villager (Male) |
| 10:55 | Construir | Farm |
| 11:03 | Crear | Archer |
| 11:12 | Crear | Villager (Male) |
| 11:24 | Crear | Archer |
| 11:25 | Crear | Archer |
| 11:30 | Construir | House |
| 11:42 | Crear | Villager (Male) |
| 11:42 | Crear | Villager (Male) |
| 11:44 | Construir | Farm |
| 11:51 | Crear | Archer |
| 11:51 | Crear | Archer |
| 12:04 | Crear | Villager (Male) |
| 12:04 | Crear | Villager (Male) |
| 12:08 | Construir | Farm |
| 12:13 | Construir | House |
| 12:18 | Crear | Archer |
| 12:18 | Crear | Archer |
| 12:37 | Crear | Archer |
| 12:37 | Crear | Archer |
| 12:40 | Crear | Villager (Male) |
| 12:40 | Crear | Villager (Male) |
| 12:45 | Construir | Farm |
| 12:51 | Construir | House |
| 13:00 | Crear | Villager (Male) |
| 13:01 | Crear | Villager (Male) |
| 13:18 | Crear | Villager (Male) |
| 13:20 | Crear | Archer |
| 13:20 | Crear | Archer |
| 13:20 | Crear | Archer |
| 13:46 | Construir | House |
| 13:47 | Construir | House |
| 13:53 | Crear | Villager (Male) |
| 13:55 | Crear | Archer |
| 13:55 | Crear | Archer |
| 13:56 | Crear | Villager (Male) |
| 13:58 | Construir | Farm |
| 13:59 | Construir | Farm |
| 14:00 | Construir | Farm |
| 14:08 | Investigar | Padded Archer Armor |
| 14:08 | Investigar | Padded Archer Armor |
| 14:08 | Investigar | Padded Archer Armor |
| 14:24 | Crear | Villager (Male) |
| 14:29 | Crear | Archer |
| 14:29 | Crear | Archer |
| 14:42 | Crear | Villager (Male) |
| 14:45 | Construir | Farm |
| 15:06 | Crear | Villager (Male) |
| 15:09 | Construir | House |
| 15:13 | Construir | Farm |
| 15:15 | Construir | Farm |
| 15:17 | Investigar | Horse Collar |
| 15:42 | Construir | House |
| 15:53 | Crear | Villager (Male) |
| 15:55 | Construir | Farm |
| 15:58 | Construir | Farm |
| 16:11 | Crear | Archer |
| 16:11 | Crear | Archer |
| 16:20 | Construir | Palisade Wall |
| 16:28 | Crear | Villager (Male) |
| 16:31 | Construir | Farm |
| 16:37 | Construir | House |
| 16:43 | Crear | Archer |
| 17:38 | Construir | Lumber Camp |
| 18:01 | Investigar | Castle Age |
| 18:01 | Investigar | Castle Age |
| 18:03 | Crear | Archer |
| 18:03 | Crear | Archer |
| 18:03 | Crear | Archer |
| 18:17 | Crear | Archer |
| 18:17 | Crear | Archer |
| 18:26 | Construir | Lumber Camp |
| 18:36 | Crear | Villager (Male) |
| 19:06 | Construir | Mining Camp |
| 19:46 | Construir | Lumber Camp |
| 20:41 | Edad | Edad de los Castillos |
| 20:43 | Investigar | Crossbowman (upgrade) |
| 20:43 | Investigar | Thumb Ring |
| 20:47 | Investigar | Bodkin Arrow |
| 20:47 | Investigar | Bodkin Arrow |
| 20:57 | Crear | Archer |
| 20:57 | Crear | Archer |
| 20:57 | Crear | Archer |
| 21:12 | Crear | Villager (Male) |
| 21:38 | Crear | Archer |
| 21:38 | Crear | Archer |
| 22:09 | Crear | Villager (Male) |
| 22:09 | Crear | Villager (Male) |
| 22:16 | Crear | Villager (Male) |
| 22:27 | Crear | Archer |
| 22:27 | Crear | Archer |
| 22:27 | Crear | Archer |
| 22:31 | Crear | Archer |
| 22:31 | Crear | Archer |
| 22:32 | Crear | Villager (Male) |
| 22:32 | Crear | Villager (Male) |
| 22:59 | Crear | Archer |
| 22:59 | Crear | Archer |
| 23:12 | Construir | Archery Range |
| 23:17 | Crear | Archer |
| 23:18 | Crear | Villager (Male) |
| 23:34 | Construir | Castle |
| 23:40 | Crear | Archer |
| 23:40 | Crear | Archer |
| 23:41 | Crear | Archer |
| 23:47 | Investigar | Leather Archer Armor |
| 24:09 | Construir | Town Center |
Build order — HSL | ilBuonFabio
Primeras 150 de 307 acciones detectadas
| 0:01 | Crear | Villager (Male) |
| 0:01 | Crear | Villager (Male) |
| 0:02 | Construir | House |
| 0:04 | Construir | House |
| 0:14 | Crear | Villager (Male) |
| 0:33 | Crear | Villager (Male) |
| 1:28 | Construir | Lumber Camp |
| 1:31 | Crear | Villager (Male) |
| 1:56 | Crear | Villager (Male) |
| 2:07 | Crear | Villager (Male) |
| 2:46 | Crear | Villager (Male) |
| 3:03 | Crear | Villager (Male) |
| 3:33 | Crear | Villager (Male) |
| 3:44 | Crear | Villager (Male) |
| 4:12 | Construir | House |
| 4:29 | Crear | Villager (Male) |
| 4:47 | Crear | Villager (Male) |
| 5:03 | Crear | Villager (Male) |
| 5:35 | Construir | House |
| 5:37 | Construir | House |
| 5:50 | Construir | House |
| 5:52 | Crear | Villager (Male) |
| 6:01 | Construir | Mill |
| 6:07 | Crear | Villager (Male) |
| 6:16 | Crear | Villager (Male) |
| 6:40 | Crear | Villager (Male) |
| 6:54 | Construir | Farm |
| 6:57 | Construir | Farm |
| 7:14 | Construir | Farm |
| 7:22 | Crear | Villager (Male) |
| 7:41 | Crear | Villager (Male) |
| 7:47 | Crear | Villager (Male) |
| 8:34 | Construir | Mining Camp |
| 8:38 | Investigar | Feudal Age |
| 9:10 | Crear | Villager (Male) |
| 9:10 | Crear | Villager (Male) |
| 10:57 | Edad | Edad Feudal |
| 10:59 | Construir | Market |
| 11:03 | Construir | Blacksmith |
| 11:48 | Investigar | Castle Age |
| 11:49 | Investigar | Castle Age |
| 12:23 | Investigar | Horse Collar |
| 12:26 | Construir | Farm |
| 12:27 | Construir | Farm |
| 12:27 | Construir | Farm |
| 12:27 | Construir | Farm |
| 12:37 | Construir | Farm |
| 13:14 | Construir | Barracks |
| 13:22 | Investigar | Double-Bit Axe |
| 13:22 | Investigar | Double-Bit Axe |
| 13:47 | Construir | House |
| 13:51 | Crear | Villager (Male) |
| 14:28 | Edad | Edad de los Castillos |
| 14:36 | Construir | Town Center |
| 14:39 | Crear | Villager (Male) |
| 14:48 | Crear | Fire Lancer |
| 14:51 | Construir | House |
| 15:01 | Crear | Villager (Male) |
| 15:03 | Crear | Fire Lancer |
| 15:12 | Crear | Fire Lancer |
| 15:17 | Crear | Villager (Male) |
| 15:39 | Construir | House |
| 15:41 | Crear | Fire Lancer |
| 15:52 | Crear | Villager (Male) |
| 16:03 | Crear | Fire Lancer |
| 16:10 | Construir | House |
| 16:16 | Crear | Villager (Male) |
| 16:23 | Construir | Town Center |
| 16:35 | Crear | Fire Lancer |
| 16:41 | Construir | Farm |
| 16:42 | Crear | Villager (Male) |
| 16:43 | Crear | Villager (Male) |
| 16:56 | Construir | House |
| 16:59 | Construir | Farm |
| 17:03 | Crear | Villager (Male) |
| 17:03 | Crear | Villager (Male) |
| 17:08 | Investigar | Loom |
| 17:14 | Crear | Fire Lancer |
| 17:19 | Construir | Farm |
| 17:30 | Crear | Villager (Male) |
| 17:30 | Crear | Villager (Male) |
| 17:49 | Crear | Villager (Male) |
| 17:50 | Crear | Fire Lancer |
| 17:53 | Investigar | Squires |
| 18:11 | Crear | Villager (Male) |
| 18:13 | Crear | Fire Lancer |
| 18:16 | Investigar | Bow Saw |
| 18:19 | Construir | Farm |
| 18:20 | Construir | Farm |
| 18:21 | Construir | Farm |
| 18:24 | Construir | Farm |
| 18:26 | Construir | Farm |
| 18:30 | Crear | Fire Lancer |
| 18:39 | Crear | Fire Lancer |
| 18:40 | Crear | Villager (Male) |
| 18:44 | Construir | Farm |
| 18:46 | Construir | Farm |
| 18:59 | Crear | Villager (Male) |
| 19:07 | Crear | Fire Lancer |
| 19:07 | Crear | Fire Lancer |
| 19:13 | Construir | Farm |
| 19:14 | Construir | Farm |
| 19:15 | Crear | Villager (Male) |
| 19:19 | Construir | Farm |
| 19:19 | Construir | Farm |
| 19:25 | Crear | Villager (Male) |
| 19:40 | Crear | Villager (Male) |
| 19:41 | Crear | Fire Lancer |
| 19:46 | Construir | Siege Workshop |
| 19:49 | Crear | Fire Lancer |
| 19:51 | Crear | Villager (Male) |
| 19:52 | Crear | Villager (Male) |
| 19:54 | Construir | Farm |
| 19:59 | Construir | House |
| 20:00 | Construir | House |
| 20:01 | Construir | House |
| 20:02 | Crear | Villager (Male) |
| 20:07 | Crear | Fire Lancer |
| 20:09 | Crear | Villager (Male) |
| 20:17 | Crear | Villager (Male) |
| 20:19 | Construir | Farm |
| 20:31 | Crear | Battering Ram |
| 20:32 | Crear | Villager (Male) |
| 20:40 | Construir | House |
| 20:48 | Crear | Fire Lancer |
| 20:48 | Crear | Fire Lancer |
| 20:50 | Crear | Villager (Male) |
| 20:50 | Crear | Villager (Male) |
| 20:50 | Crear | Villager (Male) |
| 20:52 | Construir | Farm |
| 20:56 | Construir | House |
| 21:02 | Crear | Villager (Male) |
| 21:07 | Crear | Fire Lancer |
| 21:17 | Construir | Lumber Camp |
| 21:22 | Crear | Fire Lancer |
| 21:23 | Crear | Villager (Male) |
| 21:24 | Crear | Villager (Male) |
| 21:35 | Crear | Battering Ram |
| 21:42 | Crear | Fire Lancer |
| 21:42 | Crear | Fire Lancer |
| 21:43 | Crear | Villager (Male) |
| 21:44 | Crear | Villager (Male) |
| 21:47 | Construir | Farm |
| 21:49 | Construir | Farm |
| 21:50 | Crear | Villager (Male) |
| 21:52 | Construir | Farm |
| 21:53 | Construir | Farm |
| 21:54 | Construir | House |
| 22:01 | Crear | Fire Lancer |
| 22:02 | Crear | Fire Lancer |
Build order — jimmil
Primeras 150 de 193 acciones detectadas
| 0:01 | Crear | Villager (Male) |
| 0:02 | Crear | Villager (Male) |
| 0:03 | Construir | House |
| 0:05 | Construir | House |
| 0:22 | Crear | Villager (Male) |
| 0:23 | Crear | Villager (Male) |
| 1:25 | Crear | Villager (Male) |
| 1:25 | Crear | Villager (Male) |
| 1:54 | Construir | Lumber Camp |
| 2:10 | Crear | Villager (Male) |
| 2:11 | Crear | Villager (Male) |
| 2:29 | Crear | Villager (Male) |
| 2:30 | Crear | Villager (Male) |
| 2:53 | Crear | Villager (Male) |
| 3:17 | Construir | House |
| 3:22 | Crear | Villager (Male) |
| 3:40 | Crear | Villager (Male) |
| 3:40 | Crear | Villager (Male) |
| 3:52 | Crear | Villager (Male) |
| 3:52 | Crear | Villager (Male) |
| 4:17 | Crear | Villager (Male) |
| 4:17 | Crear | Villager (Male) |
| 4:46 | Crear | Villager (Male) |
| 5:35 | Construir | Mill |
| 5:45 | Crear | Villager (Male) |
| 5:50 | Crear | Villager (Male) |
| 5:50 | Crear | Villager (Male) |
| 5:51 | Crear | Villager (Male) |
| 5:52 | Crear | Villager (Male) |
| 6:07 | Construir | House |
| 6:21 | Crear | Villager (Male) |
| 6:29 | Crear | Villager (Male) ×4 |
| 6:29 | Crear | Villager (Male) ×4 |
| 7:04 | Crear | Villager (Male) |
| 7:07 | Construir | Mining Camp |
| 7:10 | Crear | Villager (Male) |
| 7:38 | Crear | Villager (Male) |
| 7:54 | Crear | Villager (Male) |
| 8:06 | Investigar | Feudal Age |
| 8:12 | Construir | House |
| 8:37 | Construir | Palisade Gate |
| 10:03 | Construir | Farm |
| 10:07 | Construir | Farm |
| 10:50 | Edad | Edad Feudal |
| 10:54 | Crear | Villager (Male) |
| 10:54 | Crear | Villager (Male) |
| 11:08 | Construir | Market |
| 11:10 | Construir | Blacksmith |
| 11:22 | Construir | Farm |
| 11:39 | Construir | House |
| 11:48 | Crear | Villager (Male) |
| 11:56 | Construir | Farm |
| 11:56 | Construir | Farm |
| 12:01 | Construir | Farm |
| 12:18 | Investigar | Castle Age |
| 12:19 | Investigar | Castle Age |
| 12:28 | Construir | Farm |
| 12:42 | Construir | Farm |
| 12:47 | Construir | Farm |
| 13:01 | Construir | House |
| 13:44 | Construir | Barracks |
| 13:46 | Crear | Villager (Male) |
| 14:55 | Construir | Stable |
| 14:58 | Crear | Villager (Male) |
| 14:58 | Edad | Edad de los Castillos |
| 15:04 | Construir | Town Center |
| 15:06 | Crear | Villager (Male) |
| 15:16 | Crear | Villager (Male) |
| 15:24 | Construir | House |
| 15:31 | Construir | House |
| 15:32 | Crear | Villager (Male) |
| 15:38 | Crear | Spearman |
| 15:40 | Crear | Villager (Male) |
| 15:48 | Investigar | Horse Collar |
| 15:51 | Crear | Villager (Male) |
| 15:57 | Crear | Knight |
| 15:57 | Crear | Knight |
| 16:17 | Construir | Monastery |
| 16:19 | Crear | Villager (Male) |
| 16:41 | Crear | Villager (Male) |
| 16:43 | Crear | Villager (Male) |
| 16:55 | Crear | Villager (Male) |
| 17:10 | Construir | Town Center |
| 17:25 | Construir | Town Center |
| 17:27 | Crear | Villager (Male) |
| 17:34 | Crear | Villager (Male) |
| 17:43 | Crear | Knight |
| 17:57 | Crear | Knight |
| 17:59 | Crear | Villager (Male) |
| 18:05 | Crear | Villager (Male) |
| 18:08 | Construir | House |
| 18:10 | Construir | House |
| 18:15 | Construir | Farm |
| 18:16 | Construir | Farm |
| 18:16 | Construir | Farm |
| 18:16 | Construir | Farm |
| 18:16 | Construir | Farm |
| 18:17 | Construir | Farm |
| 18:32 | Crear | Villager (Male) |
| 18:32 | Crear | Villager (Male) |
| 18:37 | Construir | Farm |
| 18:46 | Construir | Lumber Camp |
| 19:05 | Crear | Villager (Male) |
| 19:09 | Crear | Villager (Male) |
| 19:26 | Construir | Farm |
| 19:27 | Construir | Farm |
| 19:39 | Construir | Archery Range |
| 19:42 | Crear | Villager (Male) |
| 19:46 | Crear | Villager (Male) |
| 19:54 | Crear | Villager (Male) |
| 19:55 | Crear | Villager (Male) |
| 20:07 | Crear | Villager (Male) |
| 20:14 | Construir | Archery Range |
| 20:20 | Investigar | Fletching |
| 20:29 | Construir | Mill |
| 20:29 | Construir | Farm |
| 20:30 | Construir | Farm |
| 20:30 | Construir | Farm |
| 20:30 | Construir | Farm |
| 20:31 | Construir | Farm |
| 20:31 | Construir | Farm |
| 20:33 | Crear | Villager (Male) |
| 20:37 | Crear | Knight |
| 20:37 | Crear | Knight |
| 20:48 | Construir | House |
| 20:52 | Construir | House |
| 20:55 | Construir | House |
| 20:58 | Construir | House |
| 21:02 | Construir | House |
| 21:05 | Construir | House |
| 21:18 | Crear | Villager (Male) |
| 21:18 | Crear | Villager (Male) |
| 21:18 | Crear | Villager (Male) |
| 21:32 | Crear | Knight |
| 21:42 | Investigar | Scale Barding Armor |
| 21:57 | Crear | Villager (Male) |
| 22:03 | Crear | Villager (Male) |
| 22:13 | Crear | Villager (Male) |
| 22:24 | Crear | Villager (Male) |
| 22:28 | Construir | Mill |
| 22:29 | Construir | Farm |
| 22:29 | Construir | Farm |
| 22:29 | Construir | Farm |
| 22:30 | Construir | Farm |
| 22:30 | Construir | Farm |
| 22:30 | Construir | Farm |
| 22:30 | Construir | Farm |
| 22:30 | Construir | Farm |
| 22:31 | Construir | Farm |
| 22:51 | Crear | Knight ×2 |
Build order — [Marty]MeguminEY
Primeras 150 de 259 acciones detectadas
| 0:01 | Crear | Villager (Male) ×4 |
| 0:01 | Crear | Villager (Male) ×4 |
| 0:02 | Construir | House |
| 0:04 | Construir | House |
| 1:17 | Crear | Villager (Male) |
| 1:17 | Crear | Villager (Male) |
| 1:50 | Crear | Villager (Male) |
| 1:50 | Crear | Villager (Male) |
| 1:59 | Crear | Villager (Male) |
| 1:59 | Crear | Villager (Male) |
| 2:24 | Crear | Villager (Male) |
| 2:24 | Crear | Villager (Male) |
| 2:32 | Construir | Lumber Camp |
| 2:42 | Crear | Villager (Male) |
| 2:42 | Crear | Villager (Male) |
| 3:12 | Crear | Villager (Male) |
| 3:27 | Crear | Villager (Male) |
| 3:27 | Crear | Villager (Male) |
| 3:51 | Construir | House |
| 3:56 | Crear | Villager (Male) |
| 4:11 | Crear | Villager (Male) |
| 4:41 | Crear | Villager (Male) |
| 4:41 | Crear | Villager (Male) |
| 4:46 | Construir | Mill |
| 4:57 | Crear | Villager (Male) ×2 |
| 5:25 | Construir | Farm |
| 5:36 | Crear | Villager (Male) |
| 5:37 | Crear | Villager (Male) |
| 6:00 | Construir | House |
| 6:05 | Crear | Villager (Male) |
| 6:07 | Construir | Farm |
| 6:36 | Crear | Villager (Male) |
| 6:43 | Construir | Farm |
| 7:12 | Construir | Farm |
| 7:43 | Crear | Villager (Male) |
| 8:09 | Construir | Mining Camp |
| 8:13 | Crear | Villager (Male) |
| 8:33 | Crear | Villager (Male) |
| 8:35 | Investigar | Feudal Age |
| 9:32 | Construir | House |
| 9:34 | Construir | Barracks |
| 9:50 | Crear | Villager (Male) |
| 9:50 | Crear | Villager (Male) |
| 10:56 | Edad | Edad Feudal |
| 11:01 | Construir | Blacksmith |
| 11:04 | Construir | Stable |
| 11:54 | Investigar | Castle Age |
| 12:02 | Construir | Farm |
| 12:05 | Construir | Farm |
| 12:27 | Investigar | Horse Collar |
| 12:36 | Investigar | Double-Bit Axe |
| 13:04 | Crear | Villager (Male) |
| 14:34 | Edad | Edad de los Castillos |
| 14:36 | Crear | Knight |
| 14:37 | Investigar | Bow Saw |
| 14:42 | Construir | Town Center |
| 14:54 | Crear | Villager (Male) |
| 15:01 | Crear | Knight |
| 15:03 | Crear | Villager (Male) |
| 15:08 | Construir | House |
| 15:32 | Investigar | Town Watch |
| 15:34 | Construir | Farm |
| 15:45 | Crear | Villager (Male) |
| 15:49 | Construir | Farm |
| 16:14 | Crear | Villager (Male) |
| 16:14 | Crear | Villager (Male) |
| 16:16 | Investigar | Loom |
| 16:23 | Construir | Farm |
| 16:24 | Construir | Farm |
| 16:27 | Construir | House |
| 16:37 | Crear | Villager (Male) |
| 16:38 | Crear | Villager (Male) |
| 16:44 | Construir | Farm |
| 16:50 | Crear | Villager (Male) |
| 16:50 | Crear | Villager (Male) |
| 16:59 | Construir | Town Center |
| 17:12 | Crear | Knight |
| 17:16 | Construir | House |
| 17:25 | Crear | Villager (Male) |
| 17:33 | Construir | Farm |
| 18:06 | Crear | Villager (Male) |
| 18:06 | Crear | Villager (Male) |
| 18:08 | Construir | Farm |
| 18:11 | Construir | Farm |
| 18:14 | Construir | Farm |
| 18:15 | Construir | Farm |
| 18:18 | Construir | Farm |
| 18:27 | Crear | Villager (Male) |
| 18:27 | Crear | Villager (Male) |
| 18:31 | Construir | Farm |
| 18:35 | Construir | Farm |
| 18:47 | Crear | Villager (Male) |
| 18:47 | Crear | Villager (Male) |
| 18:49 | Crear | Knight |
| 18:56 | Crear | Villager (Male) |
| 18:56 | Crear | Villager (Male) |
| 18:57 | Crear | Villager (Male) |
| 19:15 | Crear | Villager (Male) |
| 19:15 | Crear | Villager (Male) |
| 19:16 | Crear | Villager (Male) |
| 19:40 | Crear | Villager (Male) |
| 19:40 | Crear | Villager (Male) |
| 19:54 | Crear | Villager (Male) |
| 19:54 | Crear | Villager (Male) |
| 19:55 | Crear | Villager (Male) |
| 19:55 | Crear | Villager (Male) |
| 19:58 | Construir | Lumber Camp |
| 20:02 | Construir | Farm |
| 20:13 | Crear | Villager (Male) |
| 20:14 | Crear | Villager (Male) |
| 20:19 | Construir | Stable |
| 20:29 | Crear | Villager (Male) |
| 20:29 | Crear | Villager (Male) |
| 20:33 | Construir | House |
| 20:41 | Crear | Villager (Male) |
| 20:45 | Construir | Blacksmith |
| 20:53 | Crear | Villager (Male) |
| 21:04 | Investigar | Wheelbarrow |
| 21:11 | Crear | Villager (Male) |
| 21:12 | Crear | Villager (Male) |
| 21:15 | Construir | House |
| 21:15 | Construir | House |
| 21:22 | Investigar | Bloodlines |
| 21:35 | Crear | Knight |
| 21:35 | Crear | Knight |
| 21:36 | Crear | Villager (Male) |
| 21:36 | Crear | Villager (Male) |
| 21:58 | Crear | Villager (Male) |
| 21:58 | Crear | Villager (Male) |
| 22:02 | Crear | Knight |
| 22:04 | Construir | Archery Range |
| 22:08 | Construir | Archery Range |
| 22:14 | Crear | Villager (Male) |
| 22:14 | Crear | Villager (Male) |
| 22:30 | Crear | Villager (Male) |
| 22:30 | Crear | Villager (Male) |
| 22:39 | Construir | Farm |
| 22:43 | Construir | Mill |
| 22:44 | Construir | Farm |
| 22:44 | Construir | Farm |
| 22:44 | Construir | Farm |
| 22:44 | Construir | Farm |
| 22:45 | Construir | Farm |
| 22:45 | Construir | Farm |
| 22:45 | Construir | Farm |
| 22:45 | Construir | Farm |
| 22:47 | Crear | Villager (Male) |
| 22:47 | Crear | Villager (Male) |
| 22:47 | Crear | Villager (Male) |
| 22:55 | Investigar | Gold Mining |
Build order — RoR | Hellequinn
Primeras 150 de 326 acciones detectadas
| 0:01 | Crear | Villager (Male) ×4 |
| 0:01 | Crear | Villager (Male) ×4 |
| 0:02 | Construir | House |
| 0:03 | Construir | House |
| 1:15 | Crear | Villager (Male) |
| 1:15 | Crear | Villager (Male) |
| 1:47 | Crear | Villager (Male) |
| 1:47 | Crear | Villager (Male) |
| 2:02 | Crear | Villager (Male) |
| 2:02 | Crear | Villager (Male) |
| 2:09 | Construir | Lumber Camp |
| 2:24 | Crear | Villager (Male) |
| 2:24 | Crear | Villager (Male) |
| 2:30 | Crear | Villager (Male) |
| 2:30 | Crear | Villager (Male) |
| 3:10 | Crear | Villager (Male) |
| 3:13 | Crear | Villager (Male) |
| 3:13 | Crear | Villager (Male) |
| 3:37 | Crear | Villager (Male) |
| 3:39 | Crear | Villager (Male) |
| 3:39 | Crear | Villager (Male) |
| 3:52 | Construir | House |
| 4:07 | Crear | Villager (Male) |
| 4:08 | Crear | Villager (Male) |
| 4:33 | Crear | Villager (Male) |
| 4:35 | Construir | Mill |
| 4:50 | Crear | Villager (Male) |
| 4:50 | Crear | Villager (Male) |
| 5:26 | Crear | Villager (Male) |
| 5:31 | Construir | House |
| 5:33 | Crear | Villager (Male) |
| 5:33 | Crear | Villager (Male) |
| 5:48 | Crear | Villager (Male) |
| 5:54 | Crear | Villager (Male) |
| 5:54 | Crear | Villager (Male) |
| 6:42 | Crear | Villager (Male) |
| 6:53 | Crear | Villager (Male) |
| 7:02 | Crear | Villager (Male) |
| 7:04 | Construir | House |
| 7:59 | Construir | Mining Camp |
| 8:16 | Investigar | Feudal Age |
| 9:00 | Construir | Farm |
| 9:04 | Construir | Farm |
| 9:36 | Crear | Villager (Male) |
| 9:36 | Investigar | Loom |
| 10:21 | Construir | Farm |
| 10:31 | Edad | Edad Feudal |
| 10:36 | Construir | Market |
| 10:37 | Crear | Villager (Male) |
| 10:45 | Construir | Blacksmith |
| 11:30 | Investigar | Castle Age |
| 11:30 | Investigar | Castle Age |
| 11:39 | Crear | Villager (Male) |
| 11:47 | Construir | House |
| 11:51 | Construir | House |
| 12:14 | Investigar | Double-Bit Axe |
| 12:15 | Investigar | Double-Bit Axe |
| 12:16 | Investigar | Horse Collar |
| 12:16 | Investigar | Horse Collar |
| 12:22 | Construir | Farm |
| 12:51 | Crear | Villager (Male) |
| 13:45 | Construir | House |
| 13:46 | Construir | House |
| 13:50 | Construir | Farm |
| 13:50 | Construir | Farm |
| 13:52 | Construir | Farm |
| 14:10 | Edad | Edad de los Castillos |
| 14:18 | Crear | Villager (Male) |
| 14:57 | Construir | Castle |
| 15:00 | Construir | Castle |
| 15:02 | Crear | Villager (Male) |
| 15:09 | Investigar | Bow Saw |
| 15:11 | Crear | Villager (Male) |
| 15:50 | Crear | Villager (Male) |
| 15:54 | Crear | Villager (Male) |
| 16:06 | Crear | Villager (Male) |
| 16:12 | Construir | Town Center |
| 16:23 | Crear | Villager (Male) |
| 16:43 | Investigar | Gold Mining |
| 16:45 | Construir | Farm |
| 17:00 | Crear | Villager (Male) |
| 17:12 | Crear | Villager (Male) |
| 17:19 | Crear | Longbowman |
| 17:20 | Crear | Longbowman |
| 17:26 | Construir | Farm |
| 17:29 | Construir | Farm |
| 17:34 | Construir | Farm |
| 17:34 | Crear | Villager (Male) |
| 17:35 | Crear | Villager (Male) |
| 17:39 | Construir | Farm |
| 17:42 | Crear | Longbowman |
| 17:42 | Crear | Longbowman |
| 17:43 | Crear | Longbowman |
| 17:55 | Crear | Villager (Male) |
| 17:55 | Crear | Villager (Male) |
| 17:57 | Construir | Farm |
| 18:04 | Construir | Farm |
| 18:10 | Crear | Longbowman |
| 18:11 | Crear | Longbowman |
| 18:23 | Crear | Villager (Male) |
| 18:24 | Crear | Villager (Male) |
| 18:25 | Crear | Longbowman |
| 18:25 | Crear | Longbowman |
| 18:26 | Crear | Longbowman |
| 18:29 | Crear | Villager (Male) |
| 18:29 | Crear | Villager (Male) |
| 18:36 | Crear | Villager (Male) |
| 18:46 | Construir | Farm |
| 18:55 | Crear | Villager (Male) |
| 19:05 | Crear | Villager (Male) |
| 19:06 | Crear | Villager (Male) |
| 19:27 | Crear | Villager (Male) |
| 19:27 | Crear | Villager (Male) |
| 19:28 | Crear | Longbowman |
| 19:29 | Crear | Longbowman |
| 19:29 | Crear | Longbowman |
| 19:35 | Crear | Villager (Male) |
| 19:35 | Crear | Villager (Male) |
| 19:36 | Construir | Farm |
| 19:40 | Crear | Longbowman |
| 19:40 | Crear | Longbowman |
| 19:40 | Crear | Longbowman |
| 19:45 | Investigar | Fletching |
| 19:58 | Crear | Longbowman |
| 19:58 | Crear | Longbowman |
| 20:00 | Crear | Villager (Male) |
| 20:00 | Crear | Villager (Male) |
| 20:01 | Crear | Longbowman |
| 20:01 | Crear | Longbowman |
| 20:12 | Crear | Villager (Male) |
| 20:12 | Crear | Villager (Male) |
| 20:12 | Crear | Villager (Male) |
| 20:20 | Construir | Farm |
| 20:21 | Crear | Longbowman |
| 20:21 | Crear | Longbowman |
| 20:25 | Crear | Villager (Male) |
| 20:39 | Crear | Villager (Male) |
| 20:40 | Construir | Farm |
| 20:49 | Crear | Villager (Male) |
| 20:51 | Construir | Outpost |
| 20:52 | Construir | Outpost |
| 21:01 | Crear | Villager (Male) |
| 21:02 | Construir | Farm |
| 21:04 | Construir | Farm |
| 21:04 | Construir | Farm |
| 21:11 | Investigar | Bodkin Arrow |
| 21:12 | Crear | Longbowman |
| 21:12 | Crear | Longbowman |
| 21:12 | Crear | Longbowman |
| 21:19 | Crear | Longbowman |
Build order — Dis
Primeras 150 de 249 acciones detectadas
| 0:02 | Construir | House |
| 0:03 | Construir | House |
| 0:06 | Crear | Villager (Male) |
| 0:07 | Crear | Villager (Male) |
| 0:07 | Crear | Villager (Male) |
| 0:07 | Crear | Villager (Male) |
| 0:07 | Crear | Villager (Male) |
| 1:47 | Crear | Villager (Male) |
| 1:47 | Crear | Villager (Male) |
| 1:47 | Crear | Villager (Male) |
| 1:58 | Construir | Lumber Camp |
| 2:28 | Crear | Villager (Male) |
| 2:28 | Crear | Villager (Male) |
| 2:50 | Crear | Villager (Male) |
| 2:50 | Crear | Villager (Male) |
| 3:21 | Crear | Villager (Male) |
| 3:21 | Crear | Villager (Male) |
| 4:00 | Crear | Villager (Male) |
| 4:01 | Crear | Villager (Male) |
| 4:12 | Construir | House |
| 4:49 | Construir | Mill |
| 4:53 | Crear | Villager (Male) |
| 4:53 | Crear | Villager (Male) |
| 4:53 | Crear | Villager (Male) |
| 5:37 | Crear | Villager (Male) |
| 5:47 | Construir | House |
| 6:05 | Crear | Villager (Male) |
| 6:08 | Crear | Villager (Male) |
| 6:49 | Investigar | Loom |
| 7:18 | Construir | Mining Camp |
| 7:34 | Investigar | Feudal Age |
| 8:10 | Construir | House |
| 8:49 | Crear | Villager (Male) |
| 8:54 | Construir | Barracks |
| 9:31 | Crear | Villager (Male) |
| 9:47 | Edad | Edad Feudal |
| 9:52 | Construir | Archery Range |
| 9:55 | Investigar | Double-Bit Axe |
| 10:23 | Crear | Villager (Male) |
| 10:31 | Construir | Stable |
| 10:49 | Crear | Villager (Male) |
| 10:53 | Investigar | Horse Collar |
| 10:55 | Crear | Archer |
| 11:14 | Crear | Villager (Male) |
| 11:22 | Construir | Farm |
| 11:36 | Crear | Scout Cavalry |
| 11:36 | Crear | Scout Cavalry |
| 11:36 | Crear | Scout Cavalry |
| 11:42 | Construir | House |
| 11:47 | Crear | Villager (Male) |
| 11:55 | Construir | House |
| 12:06 | Construir | Farm |
| 12:12 | Construir | Farm |
| 12:14 | Crear | Scout Cavalry |
| 12:32 | Construir | Farm |
| 12:36 | Construir | Farm |
| 12:39 | Crear | Villager (Male) |
| 12:39 | Crear | Villager (Male) |
| 13:02 | Crear | Villager (Male) |
| 13:13 | Construir | Farm |
| 13:29 | Crear | Villager (Male) |
| 13:34 | Construir | Blacksmith |
| 13:43 | Construir | Farm |
| 13:44 | Crear | Scout Cavalry |
| 13:56 | Crear | Villager (Male) |
| 14:02 | Construir | House |
| 14:03 | Construir | House |
| 14:03 | Construir | House |
| 14:15 | Crear | Scout Cavalry |
| 14:24 | Crear | Villager (Male) |
| 14:24 | Crear | Villager (Male) |
| 14:30 | Construir | Farm |
| 14:30 | Construir | Farm |
| 14:40 | Investigar | Scale Barding Armor |
| 14:54 | Crear | Villager (Male) |
| 15:03 | Construir | Farm |
| 15:04 | Construir | Farm |
| 15:11 | Crear | Villager (Male) |
| 15:17 | Construir | Farm |
| 15:22 | Construir | Farm |
| 15:22 | Crear | Villager (Male) |
| 15:43 | Construir | Farm |
| 16:00 | Crear | Villager (Male) |
| 16:12 | Construir | Farm |
| 16:18 | Construir | Farm |
| 16:19 | Construir | Farm |
| 16:31 | Crear | Villager (Male) |
| 16:37 | Construir | Farm |
| 16:54 | Crear | Villager (Male) |
| 17:03 | Construir | Farm |
| 17:14 | Crear | Villager (Male) |
| 17:40 | Construir | Farm |
| 17:41 | Crear | Villager (Male) |
| 17:47 | Construir | Farm |
| 17:57 | Crear | Villager (Male) |
| 18:17 | Construir | Farm |
| 18:29 | Construir | Market |
| 18:34 | Crear | Villager (Male) |
| 19:06 | Investigar | Castle Age |
| 19:06 | Investigar | Castle Age |
| 19:30 | Investigar | Forging |
| 19:43 | Construir | House |
| 19:44 | Construir | House |
| 19:44 | Construir | House |
| 19:44 | Construir | House |
| 19:47 | Investigar | Gold Mining |
| 20:04 | Crear | Villager (Male) |
| 20:08 | Construir | Stable |
| 20:27 | Crear | Villager (Male) |
| 21:08 | Investigar | Bloodlines |
| 21:23 | Crear | Villager (Male) |
| 21:31 | Construir | Stable |
| 21:46 | Edad | Edad de los Castillos |
| 21:48 | Investigar | Light Cavalry (upgrade) |
| 21:50 | Crear | Knight |
| 21:50 | Crear | Knight |
| 21:50 | Crear | Knight |
| 22:00 | Crear | Villager (Male) |
| 22:03 | Crear | Knight |
| 22:03 | Crear | Knight |
| 22:04 | Crear | Knight |
| 22:11 | Construir | Town Center |
| 22:27 | Investigar | Bow Saw |
| 22:30 | Crear | Knight |
| 22:30 | Crear | Knight |
| 22:45 | Crear | Knight |
| 22:53 | Construir | Monastery |
| 22:56 | Crear | Knight |
| 22:56 | Crear | Knight |
| 23:07 | Crear | Villager (Male) |
| 23:11 | Crear | Knight |
| 23:11 | Crear | Knight |
| 23:12 | Crear | Knight |
| 23:24 | Crear | Villager (Male) |
| 23:27 | Construir | Farm |
| 23:31 | Crear | Knight |
| 23:31 | Crear | Knight |
| 23:39 | Crear | Monk |
| 23:53 | Crear | Villager (Male) |
| 24:00 | Crear | Villager (Male) |
| 24:00 | Crear | Villager (Male) |
| 24:13 | Construir | Farm |
| 24:14 | Construir | Farm |
| 24:18 | Construir | Farm |
| 24:19 | Construir | Farm |
| 24:20 | Construir | Farm |
| 24:24 | Investigar | Chain Barding Armor |
| 24:24 | Investigar | Chain Barding Armor |
| 24:26 | Crear | Villager (Male) |
| 24:27 | Crear | Villager (Male) |
Build order — HSL | bonch
Primeras 150 de 279 acciones detectadas
| 0:01 | Crear | Villager (Male) |
| 0:02 | Crear | Villager (Male) |
| 0:03 | Construir | House |
| 0:04 | Construir | House |
| 0:22 | Crear | Villager (Male) |
| 0:31 | Crear | Villager (Male) |
| 0:40 | Crear | Villager (Male) |
| 1:28 | Crear | Villager (Male) |
| 1:54 | Construir | Lumber Camp |
| 2:05 | Crear | Villager (Male) |
| 2:19 | Crear | Villager (Male) |
| 2:56 | Construir | Mill |
| 3:01 | Crear | Villager (Male) |
| 3:17 | Crear | Villager (Male) |
| 3:40 | Construir | House |
| 4:01 | Crear | Villager (Male) |
| 4:01 | Crear | Villager (Male) |
| 4:02 | Crear | Villager (Male) |
| 4:02 | Crear | Villager (Male) |
| 4:02 | Crear | Villager (Male) |
| 4:17 | Construir | House |
| 4:51 | Crear | Villager (Male) |
| 4:55 | Construir | House |
| 5:20 | Crear | Villager (Male) |
| 5:21 | Crear | Villager (Male) |
| 5:52 | Crear | Villager (Male) |
| 6:18 | Crear | Villager (Male) |
| 6:37 | Construir | Farm |
| 6:56 | Construir | Farm |
| 7:03 | Crear | Villager (Male) |
| 7:30 | Crear | Villager (Male) |
| 7:50 | Crear | Villager (Male) |
| 7:59 | Construir | Farm |
| 8:08 | Construir | Mining Camp |
| 8:26 | Crear | Villager (Male) |
| 8:45 | Crear | Villager (Male) |
| 8:54 | Construir | Barracks |
| 9:01 | Investigar | Feudal Age |
| 10:01 | Construir | House |
| 10:10 | Crear | Villager (Male) |
| 10:10 | Crear | Villager (Male) |
| 10:36 | Construir | House |
| 11:17 | Edad | Edad Feudal |
| 11:20 | Construir | Blacksmith |
| 11:29 | Construir | Stable |
| 12:07 | Investigar | Castle Age |
| 12:08 | Investigar | Castle Age |
| 12:08 | Investigar | Castle Age |
| 12:31 | Construir | Stable |
| 12:37 | Investigar | Double-Bit Axe |
| 12:58 | Investigar | Horse Collar |
| 12:59 | Investigar | Horse Collar |
| 12:59 | Investigar | Horse Collar |
| 13:21 | Construir | House |
| 13:29 | Construir | House |
| 13:41 | Construir | Lumber Camp |
| 13:50 | Investigar | Bloodlines |
| 14:00 | Construir | Farm |
| 14:21 | Construir | Farm |
| 14:32 | Construir | Farm |
| 14:33 | Edad | Edad de los Castillos |
| 14:35 | Crear | Knight |
| 14:36 | Crear | Knight |
| 14:36 | Crear | Villager (Male) |
| 14:45 | Construir | Farm |
| 14:48 | Construir | Farm |
| 14:53 | Construir | Farm |
| 14:55 | Crear | Villager (Male) |
| 15:03 | Construir | Farm |
| 15:05 | Crear | Knight |
| 15:05 | Crear | Knight |
| 15:05 | Crear | Knight |
| 15:06 | Crear | Knight |
| 15:16 | Crear | Villager (Male) |
| 15:19 | Construir | Farm |
| 15:26 | Construir | Farm |
| 15:37 | Construir | Farm |
| 15:43 | Crear | Villager (Male) |
| 15:52 | Construir | Farm |
| 15:54 | Crear | Knight |
| 15:54 | Crear | Knight |
| 15:55 | Crear | Knight |
| 16:00 | Construir | Farm |
| 16:10 | Crear | Villager (Male) |
| 16:10 | Crear | Villager (Male) |
| 16:10 | Crear | Villager (Male) |
| 16:13 | Construir | Farm |
| 16:13 | Construir | Farm |
| 16:13 | Construir | Farm |
| 16:13 | Construir | Farm |
| 16:27 | Crear | Villager (Male) |
| 16:29 | Construir | Farm |
| 16:41 | Construir | Farm |
| 16:42 | Crear | Villager (Male) |
| 16:58 | Construir | Farm |
| 17:12 | Crear | Knight |
| 17:12 | Crear | Knight |
| 17:26 | Construir | Farm |
| 17:27 | Crear | Knight |
| 17:27 | Crear | Knight |
| 17:27 | Crear | Knight |
| 17:31 | Construir | Farm |
| 17:42 | Crear | Villager (Male) |
| 17:42 | Crear | Villager (Male) |
| 17:57 | Crear | Villager (Male) |
| 18:18 | Crear | Knight |
| 18:18 | Crear | Knight |
| 18:19 | Crear | Knight |
| 18:24 | Crear | Villager (Male) |
| 18:33 | Construir | Farm |
| 18:47 | Crear | Knight |
| 18:48 | Crear | Knight |
| 18:48 | Crear | Knight |
| 18:50 | Crear | Villager (Male) |
| 19:08 | Investigar | Scale Barding Armor |
| 19:09 | Crear | Villager (Male) |
| 19:25 | Construir | House |
| 19:27 | Construir | House |
| 19:29 | Investigar | Gold Mining |
| 19:31 | Crear | Knight |
| 19:31 | Crear | Knight |
| 19:31 | Crear | Knight |
| 19:46 | Crear | Knight |
| 19:46 | Crear | Knight |
| 19:46 | Crear | Knight |
| 19:58 | Crear | Knight |
| 19:58 | Crear | Knight |
| 19:59 | Crear | Knight |
| 20:03 | Construir | Farm |
| 20:04 | Crear | Knight |
| 20:06 | Crear | Villager (Male) |
| 20:07 | Crear | Villager (Male) |
| 20:07 | Crear | Villager (Male) |
| 20:19 | Crear | Knight |
| 20:19 | Crear | Knight |
| 20:19 | Crear | Knight |
| 20:22 | Crear | Villager (Male) |
| 20:23 | Crear | Villager (Male) |
| 20:32 | Crear | Knight |
| 20:33 | Crear | Knight |
| 20:37 | Construir | House |
| 20:39 | Construir | House |
| 20:50 | Crear | Villager (Male) |
| 20:51 | Crear | Knight |
| 20:51 | Crear | Knight |
| 20:52 | Crear | Knight |
| 21:09 | Crear | Knight |
| 21:10 | Crear | Knight |
| 21:22 | Crear | Villager (Male) ×2 |
| 21:23 | Crear | Knight |
Cronología de la partida
| 5:06 | HSL | P3rk_Ita · first_building Barracks |
| 8:41 | domajjz · first_building Barracks |
| 8:54 | Dis · first_building Barracks |
| 8:54 | domajjz · age_up feudal |
| 8:54 | HSL | bonch · first_building Barracks |
| 9:28 | HSL | P3rk_Ita · age_up feudal |
| 9:34 | [Marty]MeguminEY · first_building Barracks |
| 9:37 | domajjz · first_building Archery Range |
| 9:47 | Dis · age_up feudal |
| 9:52 | Dis · first_building Archery Range |
| 10:19 | HSL | P3rk_Ita · first_building Archery Range |
| 10:31 | RoR | Hellequinn · age_up feudal |
| 10:31 | Dis · first_building Stable |
| 10:50 | jimmil · age_up feudal |
| 10:56 | [Marty]MeguminEY · age_up feudal |
| 10:57 | HSL | ilBuonFabio · age_up feudal |
| 11:04 | [Marty]MeguminEY · first_building Stable |
| 11:17 | HSL | bonch · age_up feudal |
| 11:28 | RoR | Hellequinn · first_market_sell 100 stone |
| 11:29 | HSL | bonch · first_building Stable |
| 13:14 | HSL | ilBuonFabio · first_building Barracks |
| 13:44 | jimmil · first_building Barracks |
| 14:10 | RoR | Hellequinn · age_up castle |
| 14:28 | HSL | ilBuonFabio · age_up castle |
| 14:33 | HSL | bonch · age_up castle |
| 14:34 | [Marty]MeguminEY · age_up castle |
| 14:55 | jimmil · first_building Stable |
| 14:57 | RoR | Hellequinn · first_building Castle |
| 14:58 | jimmil · age_up castle |
| 16:17 | jimmil · first_building Monastery |
| 16:19 | HSL | ilBuonFabio · first_market_buy 100 wood |
| 16:20 | domajjz · wall_segment Palisade Wall x1 |
| 19:10 | HSL | P3rk_Ita · first_market_sell 100 wood |
| 19:11 | HSL | P3rk_Ita · first_market_buy 100 food |
| 19:39 | jimmil · first_building Archery Range |
| 19:46 | HSL | ilBuonFabio · first_building Siege Workshop |
| 20:27 | RoR | Hellequinn · first_market_buy 100 food |
| 20:37 | HSL | P3rk_Ita · wall_segment Stone Wall x6 |
| 20:41 | domajjz · age_up castle |
| 21:46 | Dis · age_up castle |
| 22:04 | [Marty]MeguminEY · first_building Archery Range |
| 22:10 | HSL | P3rk_Ita · age_up castle |
| 22:33 | HSL | P3rk_Ita · wall_segment Stone Wall x9 |
| 22:53 | Dis · first_building Monastery |
| 23:08 | jimmil · first_building Siege Workshop |
| 23:34 | domajjz · first_building Castle |
| 24:25 | jimmil · first_market_sell 100 stone |
| 26:21 | domajjz · first_building Siege Workshop |
| 27:00 | jimmil · first_market_buy 100 stone |
| 27:54 | HSL | ilBuonFabio · first_market_sell 100 food |
| 29:42 | domajjz · first_building Monastery |
| 30:04 | [Marty]MeguminEY · resign |
[ ANÁLISIS IA · 1 CRÉDITO ]
¿Qué pasó realmente en esta partida?
Wolo.gg analiza cada decisión: build order, eco, micro, errores típicos por bracket. Análisis personalizado por WhatsApp o Discord en 30 segundos.
Guía civ
Malíes
Perfil
Jugador #176055